 Dungeon Crawl Stone Soup version 0.28-a0-479-g5baa6b73be (webtiles) character file.

Game seed: 7094839808972655722

5628 robertstho the Thaumaturge (level 11, -2/76 HPs)
             Began as a Djinni Fire Elementalist on Sept 17, 2021.
             Was an Initiate of Gozag.
             Slain by a two-headed ogre (11 damage)
             ... on level 9 of the Dungeon.
             The game lasted 00:13:58 (11232 turns).

robertstho the Thaumaturge (DjFE)                  Turns: 11232, Time: 00:14:00

Health: -2/76      AC:  4    Str: 13    XL:     11   Next: 3%
Gold:   1146       EV: 13    Int: 21    God:    Gozag SH:  0 Dex: 13

rFire   + + +      SeeInvis .   z - +0 broad axe (freeze)
rCold   x x .      Faith    .   (no shield)
rNeg    . . .      Spirit   .   a - +0 robe
rPois   ∞          Reflect  .   f - +1 hat
rElec   .          Harm     .   (no cloak)
rCorr   .          Rampage  .   c - +0 pair of gloves
Will    +....                   (boots unavailable)
Stlth   ++........              (no amulet)
HPRegen 0.22/turn               A - ring of fire
MPRegen 0.00/turn               E - +6 ring of strength

@: gold aura, flying
A: sickness immunity, fire resistance 2, cold vulnerability 1, float, innate
caster, hp casting, extra vitality 1
a: Renounce Religion, Potion Petition, Call Merchant, Bribe Branch


You were on level 9 of the Dungeon.
You worshipped Gozag.
Gozag was most pleased with you.
You visited 2 branches of the dungeon, and saw 10 of its levels.
You also visited: Ossuary.

You collected 1195 gold pieces.
You paid 49 gold pieces to Gozag.

Inventory:

Hand Weapons
 d - a +1 dagger of speed
 n - a +0 scythe of holy wrath
 r - a +0 dagger of venom
 z - a +0 broad axe of freezing (weapon)
Missiles
 u - a throwing net
Armour
 a - a +0 robe (worn)
 c - a +0 pair of gloves (worn)
 f - a +1 hat (worn)
Jewellery
 A - a ring of fire (left hand)
 E - a +6 ring of strength (right hand)
Wands
 y - a wand of polymorph (16)
 G - a wand of mindburst (27)
Scrolls
 e - 3 scrolls of immolation {unknown}
 i - 3 scrolls of noise {unknown}
 l - a scroll of fog {unknown}
 m - a scroll of enchant armour {unknown}
 o - 6 scrolls of teleportation {unknown}
 q - 4 scrolls of summoning {unknown}
 v - 3 scrolls of fear
 w - 2 scrolls of blinking
 C - a scroll of magic mapping
 D - a scroll of identify
Potions
 b - 3 potions of ambrosia
 g - 6 potions of curing
 h - a potion of invisibility
 j - a potion of haste {unknown}
 k - a potion of brilliance {unknown}
 p - 2 potions of lignification {unknown}
 s - 2 potions of degeneration {unknown}
 t - a potion of magic {unknown}
 x - 3 potions of might {unknown}
 B - 3 potions of heal wounds {unknown}
 F - 2 potions of mutation


   Skills:
 * Level 5.2 Fighting
 + Level 0.4 Axes
 + Level 3.2 Dodging
 + Level 3.0 Stealth
 * Level 11.2 Spellcasting


You had 7 spell levels left.
You knew the following spells:

 Your Spells              Type           Power      Damage    Failure   Level
a - Foxfire               Conj/Fire      100%       2x1d9     1%          1
b - Scorch                Fire           100%       2d10      1%          2
c - Conjure Flame         Conj/Fire      73%        6-21      1%          3
d - Inner Flame           Hex/Fire       73%        N/A       1%          3
e - Flame Wave            Conj/Fire      73%        3d13      1%          4
f - Freeze                Ice            100%       1d11      1%          1
g - Call Imp              Summ           56%        N/A       1%          2
h - Wereblood             Tmut           56%        N/A       1%          2
i - Call Canine Familiar  Summ           56%        N/A       1%          3
j - Olgreb's Toxic Radia  Pois           56%        N/A       1%          4
Your spell library was empty.

Dungeon Overview and Level Annotations

Branches:
Dungeon (9/15)             Temple (1/1) D:5         Ossuary (visited)
   Lair: D:8-11         Orc: D:9-12

Altars:
Ashenzari
Cheibriados
Dithmenos
Elyvilon
Fedhas
Gozag
Hepliaklqana
Kikubaaqudgha
Makhleb
Nemelex Xobeh
Okawaru
Qazlal
Ru
Sif Muna
Trog
Uskayaw
Vehumet
Wu Jian
Xom
Yredelemnul
Zin
The Shining One

Shops:
D:5 (

Annotations:
D:3 1 runed translucent door, Cancer's ghost, amateur HOFE
D:6 2 runed translucent doors


Innate Abilities, Weirdness & Mutations

You are immune to sickness and miasma.
You are immune to poison.
Your flesh is very heat resistant. (rF++)
You are vulnerable to cold. (rC-)
You float through the air rather than walking.
You learn spells naturally, not from books.
Your magical power is your life essence.
You have superior vitality. (+4 HP)


Message History

You feel a surge of power!
Flames lash the centaur.
The centaur is severely wounded.
The centaur's fire resistance burns away.
The centaur unwields a +0 shortbow.
The centaur completely misses you. The centaur barely misses you.
Casting: Scorch (safe; 1% risk of failure)
Confirm with . or Enter, or press ? or * to list all spells.
You feel a surge of power!
Flames lash the centaur.
The centaur is burned terribly!
You kill the centaur!
Unknown command.
Casting: Scorch (safe; 1% risk of failure)
Confirm with . or Enter, or press ? or * to list all spells.
Casting: Flame Wave (mildly dangerous; 1% risk of failure)
Press: ? - help, Dir - look around, f - activate You feel a surge of power!
A wave of flame ripples out! (Press . to intensify the flame waves.) Unknown command.
A wave of flame ripples out!
The flame wave engulfs the two-headed ogre!!
The two-headed ogre is heavily wounded.
The two-headed ogre hits you with a +0 giant spiked club!!
* * * LOW HITPOINT WARNING * * *
The two-headed ogre closely misses you.
A wave of flame ripples out!
The flame wave engulfs the two-headed ogre!
The two-headed ogre is severely wounded.
* * * LOW HITPOINT WARNING * * *
You finish channelling waves of flame.
The two-headed ogre completely misses you.
The two-headed ogre barely misses you.
Casting: Flame Wave (mildly dangerous; 1% risk of failure)
Confirm with . or Enter, or press ? or * to list all spells.
You feel a surge of power!
Flames lash the two-headed ogre.
The two-headed ogre is almost dead.
The two-headed ogre's fire resistance burns away.
* * * LOW HITPOINT WARNING * * *
The two-headed ogre hits you with a +0 giant spiked club!
You die...
Your body crumbles into a pile of gold.

........ .......# #.....#
#.....+ #######.....#
#...........#
#...........###########...
#............@O..$........
#............#####'#######
#######......# ....
#......# c.c.... #......#
..........
#......#...........
#......#........###
##......#........#
#.......#


You could see a two-headed ogre (very poisoned, combustible).

Vanquished Creatures
  A moth of wrath (D:6)
  Psyche (D:8)
  Sigmund (D:3)
  A shadow (D:9)
  5 yaks (D:9)
  Grum (D:9)
  Menkaure (D:5)
  A sky beast (D:5)
  4 ogres
  2 necrophages
  3 ice beasts (D:7)
  4 wolves (D:9)
  2 centaurs
  9 scorpions
  4 bullfrogs
  A water moccasin skeleton (D:5)
  6 killer bees (D:7)
  4 wights (D:9)
  2 howler monkeys (D:8)
  A bullfrog zombie (D:6)
  A centaur zombie (D:8)
  4 hounds
  2 jellies
  3 bullfrog skeletons
  2 human zombies (Ossuary)
  An orc priest (D:7)
  3 iguanas
  7 scorpion zombies (Ossuary)
  Terence (D:2)
  2 orc wizards
  A hound zombie (D:5)
  3 mummies (Ossuary)
  4 gnolls
  A howler monkey skeleton (D:6)
  3 adders
  3 shadow imps
  3 white imps
  An adder skeleton (D:4)
  3 worms
  5 dart slugs
  22 orcs
  3 endoplasms
  3 giant cockroaches
  5 goblins
  5 hobgoblins
  2 jackals (D:4)
  9 kobolds
  3 quokkas
  6 ball pythons
  2 bats (D:1)
  4 frilled lizards
  A goblin zombie (Ossuary)
  A hobgoblin zombie (Ossuary)
  An orc zombie (Ossuary)
  12 rats
186 creatures vanquished.

Vanquished Creatures (collateral kills)
  3 foxfires (D:1)
3 creatures vanquished.

Vanquished Creatures (others)
  702 foxfires
  2 withered plants (D:3)
704 creatures vanquished.

Grand Total: 893 creatures vanquished

Notes
Turn   | Place    | Note
-------+----------+-------------------------------------------
     0 | D:1      | robertstho the Djinni Fire Elementalist began the quest for
                  | the Orb.
     0 | D:1      | Reached XP level 1. HP: 15/15 MP: 0/0
   349 | D:1      | Reached XP level 2. HP: 17/21 MP: 0/0
  1192 | D:1      | Found a faded altar of an unknown god.
  1530 | D:1      | Found a hide-covered altar of Uskayaw.
  1580 | D:2      | Reached skill level 3 in Spellcasting
  1643 | D:2      | Reached XP level 3. HP: 23/26 MP: 0/0
  1643 | D:2      | Learned a level 1 spell: Freeze
  1676 | D:2      | Noticed Terence
  1685 | D:2      | Killed Terence
  1686 | D:2      | Reached skill level 1 in Fighting
  1925 | D:2      | Reached XP level 4. HP: 30/32 MP: 0/0
  2524 | D:3      | Reached XP level 5. HP: 10/37 MP: 0/0
  2524 | D:3      | Learned a level 2 spell: Call Imp
  2998 | D:3      | Noticed Cancer's ghost (amateur HOFE)
  3040 | D:3      | Found a runed translucent door.
  3138 | D:3      | Noticed Sigmund
  3146 | D:3      | Killed Sigmund
  3147 | D:3      | Reached skill level 4 in Spellcasting
  3147 | D:3      | Reached XP level 6. HP: 35/43 MP: 0/0
  3776 | D:4      | Noticed an ogre
  3784 | D:4      | Killed an ogre
  3785 | D:4      | Reached skill level 5 in Spellcasting
  3785 | D:4      | Reached XP level 7. HP: 33/49 MP: 0/0
  3785 | D:4      | Learned a level 2 spell: Wereblood
  4788 | D:5      | Entered Level 5 of the Dungeon
  4949 | D:5      | Reached skill level 6 in Spellcasting
  4951 | D:5      | Reached XP level 8. HP: 46/55 MP: 0/0
  5022 | D:5      | Found a staircase to the Ecumenical Temple.
  5024 | D:5      | Noticed Menkaure
  5028 | D:5      | Killed Menkaure
  5044 | Temple   | Entered the Ecumenical Temple
  5195 | Temple   | Became a worshipper of Gozag Ym Sagoz the Greedy
  5569 | D:5      | Reached skill level 7 in Spellcasting
  6292 | D:5      | Found Uko Keag's Weapon Shop.
  6411 | D:6      | Reached XP level 9. HP: 47/61 MP: 0/0
  6411 | D:6      | Learned a level 3 spell: Call Canine Familiar
  6712 | D:6      | Reached skill level 8 in Spellcasting
  6787 | D:6      | Found a runed translucent door.
  6789 | D:6      | Found a runed translucent door.
  6844 | D:6      | Noticed a moth of wrath
  6849 | D:6      | Found a bloodstained altar of Trog.
  6859 | D:6      | Killed a moth of wrath
  7740 | D:7      | Reached skill level 9 in Spellcasting
  8161 | D:7      | Found a sand-covered staircase.
  8176 | Ossuary  | Entered an ossuary
  8362 | Ossuary  | Reached XP level 10. HP: 13/68 MP: 0/0
  9539 | D:7      | Reached skill level 10 in Spellcasting
  9978 | D:8      | Noticed Psyche
  9990 | D:8      | Killed Psyche
 10547 | D:9      | Reached skill level 5 in Fighting
 10814 | D:9      | Noticed Grum
 10861 | D:9      | Killed Grum
 10862 | D:9      | Reached skill level 11 in Spellcasting
 11165 | D:9      | Reached XP level 11. HP: 70/76 MP: 0/0
 11165 | D:9      | Learned a level 4 spell: Olgreb's Toxic Radiance
 11219 | D:9      | Noticed a two-headed ogre
 11232 | D:9      | Slain by a two-headed ogre

Illustrated notes

Levels and vault maps discovered:
D:1:      dpeg_arrival_water_altar, layout_loops_ring,
          dreamdust_ecumenical_altar_hidden_monk_grotto, serial_forest,
          infiniplex_forest_straight_5, infiniplex_forest_lined_room_2,
          infiniplex_forest_clump_diagonal, infiniplex_forest_lined_2,
          infiniplex_forest_clump_small, infiniplex_forest_clump_curved,
          infiniplex_forest_zigzag_2, infiniplex_forest_diagonal,
          minmay_tetromino_s2
D:2:      layout_rooms, uniq_terence
D:3:      layout_basic, gammafunk_ghost_grave, minmay_misc_feat_encased,
          feat_on_display, uniq_sigmund
D:4:      layout_basic, st_stairs_10
D:5:      layout_loops_ring, minmay_temple_entry_water_ring, serial_shops,
          kennysheep_mini, cheibrodos_sewer_entry_drain, cheibrodos_gnoll_hut,
          uniq_menkaure
D:6:      lemuel_insect_pit, layout_layer_cave, tgw_trog, nicolae_benzene_ring
D:7:      layout_loops_ring, nicolae_ossuary_entry_ruins, minivault_5
D:8:      layout_cave_pools, uniq_psyche
D:9:      layout_irregular_city, uniq_grum
Temple:   regret_index_temple_sigil_plot

Skill      XL: |  1  2  3  4  5  6  7  8  9 10 |
---------------+-------------------------------+-----
Spellcasting   | 3 4 5 6 7 9 11 | 11.2
Fighting       | 1 2 3 4 5 |  5.2
Stealth        | 2 3 |  3.0
Dodging        | 3 |  3.2
Axes           | |  0.4

Action                   |  1- 3 |  4- 6 |  7- 9 | 10-12 || total
-------------------------+-------+-------+-------+-------++-------
Melee: Dagger            |       |       |     4 |       ||     4
       Broad axe         |       |       |     8 |       ||     8
 Cast: Foxfire           |    51 |    94 |   139 |   122 ||   406
       Scorch            |     4 |    11 |    91 |    31 ||   137
       Flame Wave        |       |       |       |     9 ||     9
       Olgreb's Toxic Ra |       |       |       |     2 ||     2
  Use: Scroll            |       |       |       |     8 ||     8
 Stab: Sleeping          |       |       |     1 |       ||     1
Armor: Robe              |     6 |     4 |    10 |     4 ||    24
Dodge: Dodged            |    11 |     7 |    31 |    17 ||    66

Table legend: (Time is in decaauts)
 A = Elapsed time spent in this place.
 B = Non-inter-level travel time spent in this place.
 C = Inter-level travel time spent in this place.
 D = Time resting spent in this place.
 E = Time spent auto-exploring this place.
 F = Levels seen in this place.
 G = Mean time per level.
                   A        B        C        D        E       F      G
               +--------+--------+--------+--------+--------+-----+--------+
         Total |  11221 |  10903 |    318 |    658 |   9005 |  11 | 1020.1 |
       Dungeon |   9736 |   9459 |    277 |    463 |   7997 |   9 | 1081.8 |
        Temple |    387 |    346 |     41 |      0 |    317 |   1 |  387.0 |
       Ossuary |   1098 |   1098 |      0 |    195 |    691 |   1 | 1098.0 |
               +--------+--------+--------+--------+--------+-----+--------+

Top non-repeatable levels by time:
     D:1: 1576 daAuts
     D:6: 1329 daAuts
     D:4: 1329 daAuts
     D:5: 1221 daAuts
     D:2: 1166 daAuts
 Ossuary: 1098 daAuts
     D:7: 1029 daAuts
     D:3: 715 daAuts
     D:9: 709 daAuts
     D:8: 659 daAuts
  Temple: 387 daAuts
